 Dungeon Sprint DCSS version 0.18.1-50-g88ac8fd (webtiles) character file.

0 saintsgambit the Covered (level 2, 0/29 HPs)
             Began as a Minotaur Fighter on Sept 24, 2016.
             Slain by Sigmund
             ... wielding a +0 scythe
              (10 damage)
             ... in the Dungeon (Sprint VI: "Thunderdome").
             The game lasted 00:00:13 (22 turns).

saintsgambit the Covered (Minotaur Fighter)           Turns: 22, Time: 00:00:14

Health: 0/29       AC:  7    Str: 20    XL:     2   Next: 82%
Magic:  1/1        EV:  7    Int:  5    God:
Gold:   0          SH:  9    Dex:  9    Spells: 0 memorised, 1 level left

rFire  . . .     SeeInvis .     a - +0 war axe
rCold  . . .     Gourm    .     b - +0 scale mail
rNeg   . . .     Faith    .     c - +0 shield
rPois  .         Spirit   .     (helmet restricted)
rElec  .         Dismiss  .     (no cloak)
rCorr  .         Reflect  .     (no gloves)
SustAt .         Harm     .     (no boots)
MR     .....     NoTele   +     (no amulet)
Stlth  ..........               (no ring)
                                (no ring)

@: not resistant to hostile enchantments, extremely unstealthy
A: retaliatory headbutt, horns 2
a: no special abilities


You were in the Dungeon.
You were not hungry.

You visited 1 branch

Inventory:

Hand Weapons
 a - a +0 war axe (weapon)
Armour
 b - a +0 scale mail (worn)
 c - a +0 shield (worn)
Scrolls
 k - a scroll of blinking
Potions
 d - a potion of might
 e - a potion of curing
 g - a potion of heal wounds
 h - a potion of haste
 i - 2 potions of magic
 j - a potion of berserk rage
Comestibles
 f - a bread ration


   Skills:
 + Level 5.2 Fighting
 + Level 2.5 Axes
 + Level 5.4 Armour
 + Level 0.2 Dodging
 + Level 5.2 Shields


You had one spell level left.
You didn't know any spells.

Dungeon Overview and Level Annotations

Branches:
Dungeon (1/1)

Altars:
Kikubaaqudgha
Makhleb
Okawaru
Qazlal
Ru
Sif Muna
Trog
Vehumet
Zin
The Shining One
Lugonu

Shops:
D ??:(!!!!

Annotations:
D Sigmund


Innate Abilities, Weirdness & Mutations

You reflexively headbutt those who attack you in melee.
You have a pair of horns on your head.


Message History

You slash the worker ant!
The worker ant is heavily wounded.
The worker ant bites you. Something hits you but does no damage.
The worker ant barely misses you.
You hit the worker ant. Your headbutt misses the worker ant.
The worker ant is almost dead.
You block something's attack. The worker ant barely misses you.
The worker ant closely misses you.
You barely miss the worker ant. Your headbutt misses the worker ant.
The worker ant is almost dead.
Something hits you. The worker ant bites you.
You slash the worker ant!
You kill the worker ant!
Your Fighting skill gained 2 levels and is now at level 5!
Your Armour skill gained 2 levels and is now at level 5!
Your Shields skill gained 2 levels and is now at level 5!
You have reached level 2!
Something hits you. Something hits you!
You die...

##### ##⌠⌠⌠## #.....#
##.....## ##∩.....∩##
#∩.......∩#
#_....{...#
#_....@.._#
#_......._#
###.........###
#⌠...........⌠#
#.8.........8.######
......###......__.∩##
...8. #.8........∩#
.....###............
..###...###.........


There were no monsters in sight!

Vanquished Creatures
  A worker ant (D)
1 creature vanquished.

Notes
Turn   | Place    | Note
--------------------------------------------------------------
     0 | D        | saintsgambit the Minotaur Fighter began the quest for the Orb.
     0 | D        | Reached XP level 1. HP: 19/19 MP: 0/0
     0 | D        | Found a stormy altar of Qazlal.
     0 | D        | Found a sacrificial altar of Ru.
     1 | D        | Found a burning altar of Makhleb.
     1 | D        | Found an iron altar of Okawaru.
     3 | D        | Found Xyopuvel's Do-It-Yourself Clinic.
     3 | D        | Found a radiant altar of Vehumet.
     3 | D        | Found a deep blue altar of Sif Muna.
     3 | D        | Found Luill's Distillery.
     4 | D        | Found Jackouge's Bottled Wisdom.
     4 | D        | Found Xuagur's Distillery.
     5 | D        | Round 1.
     8 | D        | Found a glowing silver altar of Zin.
     9 | D        | Found a glowing golden altar of the Shining One.
    11 | D        | Found an ancient bone altar of Kikubaaqudgha.
    11 | D        | Found a corrupted altar of Lugonu.
    11 | D        | Found a bloodstained altar of Trog.
    11 | D        | Found Offixtent's Staff Store.
    11 | D        | Found Sosyston's Magic Scroll Shop.
    12 | D        | Found Ynwa's Must-Have Magic.
    12 | D        | Found Iqecuif's Magic Scroll Shop.
    13 | D        | Noticed a worker ant
    13 | D        | Noticed Sigmund
    21 | D        | Killed a worker ant
    21 | D        | Reached skill level 5 in Fighting
    21 | D        | Reached skill level 5 in Armour
    21 | D        | Reached skill level 5 in Shields
    21 | D        | Reached XP level 2. HP: 15/29 MP: 1/1
    22 | D        | Slain by Sigmund

Skill      XL: |  1 |
---------------+----+-----
Fighting       | 5 |  5.2
Armour         | 5 |  5.4
Shields        | 5 |  5.2
Axes           | |  2.5
Dodging        | |  0.2

Action                   || total
-------------------------++-------
Melee: War axe           ||     6
Armor: Scale mail        ||     4
Dodge: Dodged            ||     3
Block: Shield            ||     3
